 Dungeon Crawl Stone Soup version 0.31.0-32-g396128a36d (webtiles) character file.

Game seed: 14425388004423119615

7581 nitefall the Cleaver (level 10, -4/132 HPs)
             Began as a Minotaur Berserker on Apr 23, 2024.
             Was an Elder of Trog.
             Slain by a death yak (21 damage)
             ... on level 10 of the Dungeon.
             The game lasted 00:12:08 (7412 turns).

nitefall the Cleaver (Minotaur Berserker)           Turns: 7412, Time: 00:12:08

Health: -4/132     AC: 14    Str: 23    XL:     10   Next: 97%
Magic:  9/9        EV:  8    Int:  4    God:    Trog [****..]
Gold:   404        SH: 10    Dex: 13    Spells: 9/9 levels left

rFire   + . .        C - +0 war axe
rCold   . . .        K - +0 kite shield
rNeg    . . .        k - +0 plate armour
rPois   .            (helmet restricted)
rElec   .            (no cloak)
rCorr   .            u - +0 pair of gloves
SInv    .            (no boots)
Will    .....        D - amulet of regeneration Stlth
                     p - ring of flight
HPRegen 1.22/turn    G - ring of protection from fire
MPRegen 0.11/turn

%: no passive effects
@: berserking, flying, very quick
A: horns 2, retaliatory headbutt
a: Renounce Religion, Berserk, Trog's Hand, Brothers in Arms


You were on level 10 of the Dungeon.
You worshipped Trog.
Trog was greatly pleased with you.
You visited 2 branches of the dungeon, and saw 12 of its levels.

You collected 514 gold pieces.
You spent 110 gold pieces at shops.

Inventory:

Hand Weapons
 a - a +0 hand axe
 C - a +0 war axe (weapon)
Missiles
 c - 77 stones (quivered)
 j - 38 poisoned darts
 n - 6 boomerangs
 t - 2 darts of dispersal
 w - 2 throwing nets
 y - 3 curare-tipped darts
 I - 3 javelins
Armour
 b - a +0 animal skin
 k - a +0 plate armour (worn)
 s - a +1 leather armour of fire resistance
 u - a +0 pair of gloves (worn)
 K - a +0 kite shield (worn)
Jewellery
 p - a ring of flight (left hand)
 D - an amulet of regeneration (around neck)
 G - a ring of protection from fire (right hand)
 O - a ring of protection from cold
Wands
 v - a wand of iceblast (16)
 B - a wand of paralysis (20)
 L - a wand of polymorph (4)
Scrolls
 d - 4 scrolls of silence {unknown}
 f - 11 scrolls of identify
 g - a scroll of revelation {unknown}
 h - a scroll of summoning {unknown}
 i - 4 scrolls of teleportation
 l - 4 scrolls of fog
 m - 4 scrolls of enchant armour {unknown}
 o - 4 scrolls of immolation {unknown}
 x - 3 scrolls of vulnerability {unknown}
 F - 2 scrolls of noise {unknown}
 H - a scroll of enchant weapon {unknown}
 M - a scroll of torment {unknown}
Potions
 e - 3 potions of cancellation
 q - a potion of attraction
 r - 3 potions of curing {unknown}
 z - a potion of degeneration {unknown}
 A - 4 potions of haste {unknown}
 E - a potion of invisibility {unknown}
 J - a potion of brilliance {unknown}
 N - a potion of might {unknown}
 P - a potion of lignification {unknown}


   Skills:
 - Level 8.0 Fighting
 * Level 11.6 Axes
 + Level 6.6 Throwing
 - Level 8.0 Armour
 + Level 7.3 Dodging
 + Level 7.5 Shields


You had 9 spell levels left.
You didn't know any spells.
Your spell library was empty.

Dungeon Overview and Level Annotations

Branches:
Dungeon (11/15)            Temple (1/1) D:5
   Lair: D:8-11         Orc: D:9-12

Altars:
Ashenzari
Cheibriados
Dithmenos
Elyvilon
Fedhas
Gozag
Hepliaklqana
Kikubaaqudgha
Makhleb
Nemelex Xobeh
Okawaru
Qazlal
Ru
Sif Muna
Trog
Uskayaw
Vehumet
Wu Jian
Xom
Yredelemnul
Zin
The Shining One

Shops:
D:3 ?   D:8 [   D:9 =

Annotations:
D:5 Little vault for digging
D:11 vault digging


Innate Abilities, Weirdness & Mutations

You have a pair of horns on your head.
You reflexively headbutt those who attack you in melee.


Message History

You slash the death yak!
The death yak is lightly wounded.
You hit the yak. You hit the death yak. You hit the death yak.
You headbutt the death yak, but do no damage.
The death yak is moderately wounded.
You barely miss the death yak. You hit the yak.
You block the death yak's attack. The death yak barely misses you.
You furiously retaliate!
You headbutt the death yak! The yak gores you but does no damage.
You hit the death yak. You headbutt the death yak.
The death yak is moderately wounded.
You closely miss the yak. You barely miss the death yak.
The death yak gores you.
* * * LOW HITPOINT WARNING * * *
The death yak gores you!
* * * LOW HITPOINT WARNING * * *
The yak gores you but does no damage.
You slash the death yak! You headbutt the death yak!
The death yak is severely wounded.
You slice the yak!! You slash the death yak! The death yak barely misses you.
You block the death yak's attack. The yak gores you!
* * * LOW HITPOINT WARNING * * *
You barely miss the death yak. You headbutt the death yak!
The death yak is almost dead.
You slash the yak! You slash the death yak! You slash the death yak!
The death yak is almost dead.
You barely miss the yak. You slash the death yak!
The death yak gores you but does no damage.
You block the death yak's attack. The yak gores you.
* * * LOW HITPOINT WARNING * * *
You slash the death yak!
You kill the death yak!
Trog accepts your kill.
You slash the yak!
You kill the yak!
Trog accepts your kill.
You slash the death yak! The death yak gores you!!
You die...

#...####......................
##### #...........##....###..
##.......[..............
##.................#.....
###................###....<
##.#.##..##........###......
#....<..[))........##.##....
#........[(†[......##.....#.
##.#.....##@†......##.....#.
###.###.##Y........##...###
### #....<......#######
#...........# ##..........#
#.....#.#..## ##...#######
#####


You could see a death yak.

Vanquished Creatures
  2 death yaks (D:10)
  A cyclops (D:10)
  3 trolls
  A hornet (D:9)
  Grinder (D:6)
  Sigmund (D:3)
  A shadow (D:10)
  10 yaks
  2 steam dragons
  An acid dragon (D:10)
  2 water moccasins (D:6)
  3 black bears
  5 orc warriors
  A sky beast (D:7)
  An ogre (D:5)
  2 centaurs
  2 phantoms (D:5)
  3 kobold brigands
  3 bullfrogs
  3 scorpions
  A gnoll sergeant (D:7)
  11 killer bees (D:9)
  2 electric eels (D:9)
  A howler monkey (D:4)
  8 orc priests
  A bombardier beetle (D:4)
  2 gnoll boudas
  2 jellies (D:7)
  2 hounds
  An iguana (D:5)
  8 orc wizards
  11 gnolls
  8 adders
  3 shadow imps
  A white imp (D:7)
  2 ribbon worms
  3 dart slugs
  27 orcs
  8 endoplasms
  3 giant cockroaches
  5 goblins (D:3)
  8 hobgoblins
  2 jackals (D:3)
  10 kobolds
  A quokka (D:2)
  7 ball pythons
  3 frilled lizards
  3 rats
192 creatures vanquished.

Vanquished Creatures (others)
  A kobold (D:9)
1 creature vanquished.

Grand Total: 193 creatures vanquished

Notes
Turn   | Place    | Note
-------+----------+-------------------------------------------
     0 | D:1      | nitefall the Minotaur Berserker began the quest for the
                  | Orb.
     0 | D:1      | Reached XP level 1. HP: 19/19 MP: 0/0
   162 | D:1      | Reached XP level 2. HP: 27/27 MP: 1/1
   209 | D:1      | Reached skill level 4 in Axes
   543 | D:2      | Reached XP level 3. HP: 31/33 MP: 2/2
   799 | D:2      | Reached skill level 1 in Shields
   872 | D:2      | Reached ** piety under Trog
   873 | D:2      | Reached skill level 1 in Throwing
  1390 | D:3      | Noticed Sigmund
  1398 | D:3      | Killed Sigmund
  1399 | D:3      | Reached skill level 5 in Axes
  1399 | D:3      | Reached XP level 4. HP: 41/41 MP: 3/3
  1399 | D:3      | Reached XP level 5. HP: 47/47 MP: 4/4
  1475 | D:3      | Found an iron altar of Okawaru.
  1475 | D:3      | Found a snail-covered altar of Cheibriados.
  1544 | D:3      | Found Lerchoni's Magic Scroll Shop.
  1547 | D:3      | Bought a scroll of teleportation for 30 gold pieces
  1547 | D:3      | Bought a scroll of identify for 20 gold pieces
  1547 | D:3      | Bought a scroll of identify for 20 gold pieces
  1547 | D:3      | Bought a scroll of fog for 40 gold pieces
  1895 | D:4      | Reached XP level 6. HP: 49/53 MP: 5/5
  2475 | D:5      | Entered Level 5 of the Dungeon
  2487 | D:5      | Reached skill level 6 in Axes
  2670 | D:5      | Reached skill level 5 in Fighting
  2670 | D:5      | Reached XP level 7. HP: 34/61 MP: 6/6
  2969 | D:5      | Reached *** piety under Trog
  3146 | D:5      | Reached skill level 7 in Axes
  3187 | D:5      | Found a staircase to the Ecumenical Temple.
  3226 | Temple   | Entered the Ecumenical Temple
  3262 | D:6      | Noticed Grinder
  3273 | D:6      | Reached XP level 8. HP: 69/69 MP: 7/7
  3276 | D:6      | Killed Grinder
  3283 | D:6      | Reached skill level 5 in Armour
  3746 | D:6      | Reached skill level 8 in Axes
  4050 | D:7      | Reached skill level 5 in Dodging
  4191 | D:7      | Found an ancient bone altar of Kikubaaqudgha.
  4221 | D:7      | Reached skill level 5 in Shields
  4221 | D:7      | Reached XP level 9. HP: 78/78 MP: 8/8
  5161 | D:8      | Reached skill level 9 in Axes
  5359 | D:8      | Found Qoricvoi's Armour Emporium.
  5860 | D:9      | Reached skill level 5 in Throwing
  5888 | D:9      | Found Rookhla's Jewellery Emporium.
  5911 | D:9      | Noticed a troll
  5923 | D:9      | Killed a troll
  6011 | D:9      | Reached **** piety under Trog
  6114 | D:9      | Reached XP level 10. HP: 47/88 MP: 9/9
  6206 | D:9      | Reached skill level 10 in Axes
  6727 | D:10     | Entered Level 10 of the Dungeon
  6802 | D:10     | Reached skill level 11 in Axes
  7274 | D:11     | Noticed a cyclops
  7277 | D:11     | Noticed a death yak
  7278 | D:11     | Noticed a death yak
  7284 | D:11     | Noticed a death yak
  7291 | D:10     | Killed a cyclops
  7340 | D:11     | Noticed a death yak
  7351 | D:10     | Killed a death yak
  7402 | D:11     | Noticed a death yak
  7402 | D:11     | Noticed a death yak
  7412 | D:10     | Killed a death yak
  7412 | D:10     | Slain by a death yak

Illustrated notes

Levels and vault maps discovered:
D:1:      orjb1_lava_funnel, layout_rooms
D:2:      layout_basic, serial_forest, infiniplex_forest_clump_small,
          infiniplex_forest_clump_small, infiniplex_forest_lined_room_3,
          infiniplex_forest_corner_2, infiniplex_forest_end_2,
          infiniplex_forest_lined_4_way, minmay_stone_trees_small,
          nicolae_houndstooth_variations
D:3:      layout_basic, gammafunk_temple_overflow_elements, serial_shops,
          nicolae_shop_real_fake_doors, grunt_decor_junction,
          chequers_serial_rivers_micro_d, minmay_door_square, uniq_sigmund
D:4:      layout_gridville, minmay_box_of_dots
D:5:      layout_basic, minmay_temple_entry_glass, corexii_checkpoint,
          due_unseen_surprise
D:6:      layout_rooms, nicolae_twisty_statue_hallways, uniq_grinder
D:7:      layout_cave_pools, mainiacjoe_overflow_cross_hatched
D:8:      layout_cave_pools, serial_shops, shop
D:9:      layout_basic, serial_shops, nicolae_shop_stone
D:10:     layout_cave_pools, kennysheep_generic_room_5
D:11:     gammafunk_mikee_crab_dinner, layout_cave_pools, dpeg_lair_monsters,
          due_unseen_surprise, uniq_nergalle
Temple:   nicolae_temple_bog_church

Skill      XL: |  1  2  3  4  5  6  7  8  9 10 |
---------------+-------------------------------+-----
Axes           | 4 5 6 7 8 9 11 | 11.6
Fighting       | 4 5 6 7 8 |  8.0
Shields        | 2 3 5 6 7 |  7.5
Throwing       | 1 2 3 4 5 6 |  6.6
Armour         | 3 4 5 6 8 |  8.0
Dodging        | 3 4 5 6 7 |  7.3

Action                     |  1- 3 |  4- 6 |  7- 9 | 10-12 || total
---------------------------+-------+-------+-------+-------++-------
  Melee: Hand axe          |    80 |    75 |   167 |       ||   322
         Headbutt          |    17 |    16 |    38 |    49 ||   120
         Punch             |     1 |     1 |     1 |       ||     3
         War axe           |       |       |   114 |   176 ||   290
 Invoke: Berserk           |     2 |     1 |     4 |     3 ||    10
         Trog's Hand       |       |       |     4 |     2 ||     6
    Use: Scroll            |       |     2 |       |       ||     2
   Stab: Sleeping          |       |       |     2 |       ||     2
 Armour: Animal skin       |    15 |       |       |       ||    15
         Plate armour      |    29 |    81 |   347 |   185 ||   642
  Dodge: Dodged            |    34 |    29 |   168 |    70 ||   301
  Block: Kite shield       |       |       |       |   114 ||   114
